IL
COLUMBUS CLIPPERS @ PAWTUCKET RED SOX
09/13/2049
 
TOP OF THE 1ST
Columbus Clippers batting - Pitching for Pawtucket Red Sox : RHP Justin Swenson
Pitching: RHP Justin Swenson
Batting: SHB Scott Scott 0-0: Ball
1-0: Ball
2-0: Called Strike
2-1: Swinging Strike
2-2: Strikes out looking
Batting: LHB Jesus Lozano 0-0: Fly out, F8 (Flyball, 78D, EV 100.0 MPH)
Batting: LHB Zack Berney 0-0: Ball
1-0: Fly out, F2 (Popup, 23F, EV 88.1 MPH)
Top of the 1st over - 0 runs, 0 hits, 0 errors, 0 left on base; Columbus 0 - Pawtucket 0
BOTTOM OF THE 1ST
Pawtucket Red Sox batting - Pitching for Columbus Clippers : RHP Roberto Reyes
Pitching: RHP Roberto Reyes
Batting: RHB Matt Hinkle 0-0: Ball
1-0: Foul Ball, location: 2F
1-1: Ball
2-1: Ball
3-1: Foul Ball, location: 2F
3-2: Base on Balls
Batting: LHB Tim Fuller 0-0: Fly out, F7 (Flyball, 7, EV 83.1 MPH)
Batting: RHB Tony Nunez 0-0: Ball
1-0: Fly out, F8 (Flyball, 8LS, EV 86.2 MPH)
Batting: LHB David Moore 0-0: Ball
Matt Hinkle is caught stealing 2nd base 2-6
Bottom of the 1st over - 0 runs, 0 hits, 0 errors, 0 left on base; Columbus 0 - Pawtucket 0
TOP OF THE 2ND
Columbus Clippers batting - Pitching for Pawtucket Red Sox : RHP Justin Swenson
Batting: LHB Zion Davidson 0-0: Ball
1-0: Foul Ball, location: 2F
1-1: Ball
2-1: Foul Ball, location: 2F
2-2: Ball
3-2: Base on Balls
Batting: LHB Tyler Babbitt 0-0: Ball
1-0: Called Strike
1-1: Grounds into double play, 4-6-3 (Groundball, 4, EV 103.8 MPH)
Batting: RHB Kyle Scruggs 0-0: Ball
1-0: Called Strike
1-1: Ball
2-1: Swinging Strike
2-2: Foul Ball, location: 2F
2-2: Ball
3-2: Strikes out swinging
Top of the 2nd over - 0 runs, 0 hits, 0 errors, 0 left on base; Columbus 0 - Pawtucket 0
BOTTOM OF THE 2ND
Pawtucket Red Sox batting - Pitching for Columbus Clippers : RHP Roberto Reyes
Batting: LHB David Moore 0-0: SINGLE (Groundball, 4MD, EV 101.9 MPH)
Batting: LHB Zack Guillen 0-0: Ball
1-0: Fly out, F8 (Flyball, 8LD, EV 97.5 MPH)
Batting: RHB Rodolfo Contreras 0-0: Swinging Strike
0-1: Ball
1-1: Called Strike
1-2: Ball
2-2: Grounds into double play, 1-6-3 (Groundball, 13S, EV 66.9 MPH)
Bottom of the 2nd over - 0 runs, 1 hit, 0 errors, 0 left on base; Columbus 0 - Pawtucket 0
TOP OF THE 3RD
Columbus Clippers batting - Pitching for Pawtucket Red Sox : RHP Justin Swenson
Batting: RHB Jason Sher 0-0: Ball
1-0: SINGLE (Groundball, 6M, EV 108.8 MPH) (infield hit)
Batting: RHB George Wagner 0-0: Ball
Jason Sher is caught stealing 2nd base 2-4
1-0: Ball
2-0: Foul Ball, location: 2F
2-1: Ball
3-1: Base on Balls
Batting: RHB Justin Ganey 0-0: Called Strike
0-1: Ball
1-1: Ball
2-1: SINGLE (Groundball, 56D, EV 98.1 MPH)
George Wagner to second
Batting: SHB Scott Scott 0-0: Foul Ball, location: 2F
0-1: Ball
1-1: Called Strike
1-2: Strikes out swinging
Batting: LHB Jesus Lozano 0-0: Fly out, F2 (Popup, 2RF, EV 88.8 MPH)
Top of the 3rd over - 0 runs, 2 hits, 0 errors, 2 left on base; Columbus 0 - Pawtucket 0
BOTTOM OF THE 3RD
Pawtucket Red Sox batting - Pitching for Columbus Clippers : RHP Roberto Reyes
Batting: LHB Frank Olivo 0-0: Ball
1-0: Ball
2-0: SINGLE (Line Drive, 9S, EV 97.5 MPH)
Batting: RHB Brandon Perris 0-0: Ball
1-0: Called Strike
1-1: Reached on error, E4 (Groundball, 4, EV 91.9 MPH)
Frank Olivo to second
Batting: RHB Joe Evrard 0-0: Called Strike
0-1: Swinging Strike
0-2: Ball
1-2: Strikes out swinging
Batting: RHB Matt Hinkle 0-0: Ball
1-0: Ball
2-0: 3-RUN HOME RUN (Flyball, 7LD, EV 93.8 MPH), Distance : 379 ft
Batting: LHB Tim Fuller 0-0: Ball
1-0: Ball
2-0: Called Strike
2-1: Ball
3-1: Base on Balls
Batting: RHB Tony Nunez 0-0: Ball
1-0: Called Strike
1-1: Ball
2-1: Ball
3-1: Fly out, F6 (Line Drive, 6D, EV 72.5 MPH)
Batting: LHB David Moore 0-0: Ball
1-0: Called Strike
1-1: Called Strike
Tim Fuller steals 2nd base (no throw)
1-2: Ball
2-2: Ground out 4-3 (Groundball, 4, EV 86.9 MPH)
Bottom of the 3rd over - 3 runs, 2 hits, 1 error, 1 left on base; Columbus 0 - Pawtucket 3
TOP OF THE 4TH
Columbus Clippers batting - Pitching for Pawtucket Red Sox : RHP Justin Swenson
Batting: LHB Zack Berney 0-0: Called Strike
0-1: Ball
1-1: Foul Ball, location: 2F
1-2: Ball
2-2: Ground out 3-1 (Groundball, 34, EV 103.8 MPH)
Batting: LHB Zion Davidson 0-0: Called Strike
0-1: Foul Ball, location: 2F
0-2: Ball
1-2: Fly out, F8 (Line Drive, 8LD, EV 95.6 MPH)
Batting: LHB Tyler Babbitt 0-0: Called Strike
0-1: Ball
1-1: Called Strike
1-2: Fly out, F9 (Flyball, 9, EV 88.8 MPH)
Top of the 4th over - 0 runs, 0 hits, 0 errors, 0 left on base; Columbus 0 - Pawtucket 3
BOTTOM OF THE 4TH
Pawtucket Red Sox batting - Pitching for Columbus Clippers : RHP Roberto Reyes
Batting: LHB Zack Guillen 0-0: Ball
1-0: Ground out 3-1 (Groundball, 34S, EV 67.5 MPH)
Batting: RHB Rodolfo Contreras 0-0: Called Strike
0-1: SINGLE (Line Drive, 6M, EV 103.8 MPH)
Batting: LHB Frank Olivo 0-0: Called Strike
Rodolfo Contreras steals 2nd base (no throw)
0-1: Swinging Strike
0-2: Strikes out swinging
Batting: RHB Brandon Perris 0-0: Ground out 4-3 (Groundball, 4, EV 96.2 MPH)
Bottom of the 4th over - 0 runs, 1 hit, 0 errors, 1 left on base; Columbus 0 - Pawtucket 3
TOP OF THE 5TH
Columbus Clippers batting - Pitching for Pawtucket Red Sox : RHP Justin Swenson
Batting: RHB Kyle Scruggs 0-0: Fly out, F8 (Flyball, 8LS, EV 93.8 MPH)
Batting: RHB Jason Sher 0-0: Called Strike
0-1: Ball
1-1: Ground out U3 (Groundball, 3, EV 88.1 MPH)
Batting: RHB George Wagner 0-0: Ball
1-0: Called Strike
1-1: Ball
2-1: Ball
3-1: Fly out, F8 (Flyball, 8LXD, EV 110.6 MPH)
Top of the 5th over - 0 runs, 0 hits, 0 errors, 0 left on base; Columbus 0 - Pawtucket 3
BOTTOM OF THE 5TH
Pawtucket Red Sox batting - Pitching for Columbus Clippers : RHP Roberto Reyes
Batting: RHB Joe Evrard 0-0: SINGLE (Groundball, 56D, EV 106.2 MPH)
Batting: RHB Matt Hinkle 0-0: Ball
1-0: Foul Ball, location: 2F
1-1: Ball
2-1: SINGLE (Groundball, 6S, EV 67.5 MPH) (infield hit)
Joe Evrard to second
Batting: LHB Tim Fuller 0-0: Ball
1-0: Swinging Strike
1-1: Foul Ball, location: 2F
1-2: Foul Ball, location: 2F
1-2: Fly out, F7 (Flyball, 7S, EV 85.0 MPH)
Batting: RHB Tony Nunez 0-0: Called Strike
0-1: Ball
1-1: Called Strike
1-2: Ball
2-2: Ball
3-2: Foul Ball, location: 2F
3-2: Base on Balls
Joe Evrard to third
Matt Hinkle to second
Batting: LHB David Moore 0-0: Ball
1-0: Called Strike
1-1: Ball
2-1: Foul Ball, location: 2F
2-2: Ball
3-2: Base on Balls
Joe Evrard scores
Matt Hinkle to third
Tony Nunez to second
Batting: LHB Zack Guillen 0-0: Ball
1-0: Ball
2-0: Foul Ball, location: 2F
2-1: Ball
3-1: Fly out, F8 (Flyball, 8LS, EV 89.4 MPH)
Runner from 3rd tags up, OUT at HOME! 8-2
Bottom of the 5th over - 1 run, 2 hits, 0 errors, 2 left on base; Columbus 0 - Pawtucket 4
TOP OF THE 6TH
Columbus Clippers batting - Pitching for Pawtucket Red Sox : RHP Justin Swenson
Batting: RHB Justin Ganey 0-0: Foul Ball, location: 2F
0-1: Ball
1-1: Ground out 6-3 (Groundball, 6, EV 82.5 MPH)
Batting: SHB Scott Scott 0-0: Swinging Strike
0-1: Foul Ball, location: 2F
0-2: Strikes out swinging
Batting: LHB Jesus Lozano 0-0: Ball
1-0: Foul Ball, location: 2F
1-1: Swinging Strike
1-2: Ball
2-2: Ball
3-2: Foul Ball, location: 2F
3-2: Strikes out swinging
Top of the 6th over - 0 runs, 0 hits, 0 errors, 0 left on base; Columbus 0 - Pawtucket 4
BOTTOM OF THE 6TH
Pawtucket Red Sox batting - Pitching for Columbus Clippers : RHP Roberto Reyes
Batting: RHB Rodolfo Contreras 0-0: Ball
1-0: Ball
2-0: Called Strike
2-1: Foul Ball, location: 2F
2-2: Ball
3-2: Base on Balls
Batting: LHB Frank Olivo 0-0: Ball
1-0: Ball
2-0: Called Strike
2-1: Foul Ball, location: 2F
2-2: Grounds into double play, 5-4-3 (Groundball, 56, EV 81.9 MPH)
Batting: RHB Brandon Perris 0-0: Foul Ball, location: 2F
0-1: Ball
1-1: Ball
2-1: Called Strike
2-2: Foul Ball, location: 2F
2-2: Foul Ball, location: 2F
2-2: Foul Ball, location: 2F
2-2: DOUBLE (Line Drive, 9LS, EV 96.2 MPH)
Pitching: RHP En-guo Tsu
Batting: RHB Joe Evrard 0-0: Ball
1-0: Called Strike
1-1: Ball
2-1: Swinging Strike
2-2: Strikes out looking
Bottom of the 6th over - 0 runs, 1 hit, 0 errors, 1 left on base; Columbus 0 - Pawtucket 4
TOP OF THE 7TH
Columbus Clippers batting - Pitching for Pawtucket Red Sox : RHP Justin Swenson
Batting: LHB Zack Berney 0-0: Called Strike
0-1: Ball
1-1: Ground out 4-3 (Groundball, 4, EV 88.1 MPH)
Batting: LHB Zion Davidson 0-0: Called Strike
0-1: Ball
1-1: Called Strike
1-2: Ball
2-2: Foul Ball, location: 2F
2-2: Fly out, F5 (Popup, 5L, EV 69.4 MPH)
Batting: LHB Tyler Babbitt 0-0: Swinging Strike
0-1: Ball
1-1: Called Strike
1-2: Foul Ball, location: 2F
1-2: Ball
2-2: Foul Ball, location: 2F
2-2: Ball
3-2: Strikes out swinging
Top of the 7th over - 0 runs, 0 hits, 0 errors, 0 left on base; Columbus 0 - Pawtucket 4
BOTTOM OF THE 7TH
Pawtucket Red Sox batting - Pitching for Columbus Clippers : RHP En-guo Tsu
Batting: RHB Matt Hinkle 0-0: Ball
1-0: Foul Ball, location: 2F
1-1: Ball
2-1: Ball
3-1: Swinging Strike
3-2: Foul Ball, location: 2F
3-2: Base on Balls
Batting: LHB Tim Fuller 0-0: Sac Bunt to 2R - play at first, batter OUT! 2-3
Matt Hinkle to second
Batting: RHB Tony Nunez 0-0: Ball
1-0: Foul Ball, location: 2F
1-1: SINGLE (Groundball, 6MD, EV 100.6 MPH)
Matt Hinkle to third
Runner from 3rd tries for Home, SAFE, throw by CF to home
Tony Nunez to second
Batting: LHB David Moore 0-0: Ball
1-0: Ball
2-0: Fly out, F7 (Flyball, 78M, EV 93.1 MPH)
Batting: LHB Zack Guillen 0-0: Swinging Strike
0-1: Ball
1-1: Ball
2-1: Swinging Strike
2-2: Strikes out swinging
Bottom of the 7th over - 1 run, 1 hit, 0 errors, 1 left on base; Columbus 0 - Pawtucket 5
TOP OF THE 8TH
Columbus Clippers batting - Pitching for Pawtucket Red Sox : RHP Justin Swenson
Batting: RHB Kyle Scruggs 0-0: Ball
1-0: Called Strike
1-1: Ball
2-1: Ground out 4-3 (Groundball, 4M, EV 88.8 MPH)
Batting: RHB Jason Sher 0-0: Ground out 5-3 (Groundball, 25, EV 87.5 MPH)
Batting: RHB George Wagner 0-0: Ball
1-0: Foul Ball, location: 2F
1-1: Foul Ball, location: 2F
1-2: Ground out 4-3 (Groundball, 4, EV 80.6 MPH)
Top of the 8th over - 0 runs, 0 hits, 0 errors, 0 left on base; Columbus 0 - Pawtucket 5
BOTTOM OF THE 8TH
Pawtucket Red Sox batting - Pitching for Columbus Clippers : RHP En-guo Tsu
Batting: RHB Rodolfo Contreras 0-0: Ball
1-0: Ball
2-0: Fly out, F8 (Flyball, 8RM, EV 93.8 MPH)
Batting: LHB Frank Olivo 0-0: Ball
1-0: Swinging Strike
1-1: Called Strike
1-2: Ball
2-2: Foul Ball, location: 2F
2-2: Strikes out swinging
Batting: RHB Brandon Perris 0-0: Ball
1-0: Ball
2-0: Foul Ball, location: 2F
2-1: SINGLE (Groundball, 56D, EV 96.9 MPH)
Batting: RHB Joe Evrard 0-0: Foul Ball, location: 2F
0-1: Ball
1-1: Foul Ball, location: 2F
1-2: Ball
2-2: Foul Ball, location: 2F
2-2: Ball
3-2: SINGLE (Groundball, 6MD, EV 100.0 MPH)
Brandon Perris to second
Brandon Perris to third
Pitching: RHP Joe Zeiset
Batting: RHB Matt Hinkle 0-0: Called Strike
0-1: Swinging Strike
0-2: Strikes out swinging
Bottom of the 8th over - 0 runs, 2 hits, 0 errors, 2 left on base; Columbus 0 - Pawtucket 5
TOP OF THE 9TH
Columbus Clippers batting - Pitching for Pawtucket Red Sox : RHP Justin Swenson
Pitching: RHP Jaime Dunning
Batting: RHB Justin Ganey 0-0: Ball
1-0: Ball
2-0: Foul Ball, location: 2F
2-1: SINGLE (Groundball, 34D, EV 95.0 MPH)
Batting: SHB Scott Scott 0-0: Ball
1-0: Ball
2-0: Called Strike
2-1: Ball
3-1: Foul Ball, location: 2F
3-2: Base on Balls
Justin Ganey to second
Batting: LHB Jesus Lozano 0-0: Ball
1-0: SINGLE (Groundball, 34D, EV 105.0 MPH)
Justin Ganey to third
Scott Scott to second
Pitching: RHP Cody Humphries
Batting: LHB Zack Berney 0-0: Ball
1-0: Called Strike
1-1: Swinging Strike
1-2: Ball
2-2: Ball
3-2: Strikes out swinging
Batting: LHB Zion Davidson 0-0: Ball
1-0: Foul Ball, location: 2F
1-1: Ball
2-1: Foul Ball, location: 2F
2-2: Strikes out swinging
Batting: LHB Tyler Babbitt 0-0: Foul Ball, location: 2F
0-1: Foul Ball, location: 2F
0-2: SINGLE (Groundball, 25, EV 71.2 MPH) (infield hit)
Justin Ganey scores
Scott Scott to third
Jesus Lozano to second
Batting: RHB Kyle Scruggs 0-0: Ball
1-0: Foul Ball, location: 2F
1-1: Ball
2-1: Ball
3-1: Base on Balls
Scott Scott scores
Jesus Lozano to third
Tyler Babbitt to second
Batting: RHB Jason Sher 0-0: Ball
1-0: Foul Ball, location: 2F
1-1: Foul Ball, location: 2F
1-2: SINGLE (Groundball, 4S, EV 70.6 MPH) (infield hit)
Jesus Lozano scores
Tyler Babbitt to third
Kyle Scruggs to second
Batting: RHB George Wagner 0-0: Ball
1-0: Foul Ball, location: 2F
1-1: Foul Ball, location: 2F
1-2: Fielders Choice at 2nd, U6 (Groundball, 6M, EV 96.9 MPH)
Top of the 9th over - 3 runs, 4 hits, 0 errors, 3 left on base; Columbus 3 - Pawtucket 5
Sunday, July 16th , 2023 - OOTP Baseball 24.6 Build 69